 Dungeon Crawl Stone Soup version 0.29.1-12-g30fa7ad0bf (webtiles) character file.

Game seed: 6282157642690444265

380 nachturnus the Slasher (level 7, -6/52 HPs)
             Began as a Human Fighter on Jan 2, 2023.
             Mangled by JanusIIV's ghost (20 damage)
             ... on level 3 of the Dungeon.
             The game lasted 00:13:33 (5667 turns).

nachturnus the Slasher (Human Fighter)              Turns: 5667, Time: 00:13:34

Health: -6/52      AC:  7    Str: 16    XL:     7   Next: 5%
Magic:  7/7        EV: 10    Int:  8    God:
Gold:   63         SH:  5    Dex: 15    Spells: 6/6 levels left

rFire   + . .      SeeInvis .   a - +0 long sword (freeze)
rCold   . . .      Faith    .   c - +0 buckler
rNeg    . . .      Spirit   .   j - +3 leather armour
rPois   .          Reflect  .   f - +0 helmet
rElec   .          Harm     .   (no cloak)
rCorr   .          Rampage  .   (no gloves)
Will    .....                   (no boots)
Stlth   +.........              (no amulet)
HPRegen 0.17/turn               s - ring of protection from fire
MPRegen 0.10/turn               (no ring)

@: no status effects
A: no striking features
a: no special abilities


You were on level 3 of the Dungeon.
You visited 1 branch of the dungeon, and saw 4 of its levels.

You collected 158 gold pieces.
You spent 95 gold pieces at shops.

Inventory:

Hand Weapons
 a - a +0 long sword of freezing (weapon)
Armour
 b - a +0 scale mail
 c - a +0 buckler (worn)
 f - a +0 helmet (worn)
 j - a +3 leather armour (worn)
Jewellery
 s - a ring of protection from fire (left hand)
 x - a ring of fire
Wands
 i - a wand of flame (9)
 o - a wand of light (5)
Scrolls
 e - 2 scrolls of poison
 g - a scroll of fear
 h - a scroll of identify
 l - a scroll of butterflies
 m - a scroll of brand weapon
 q - 2 scrolls of amnesia
Potions
 d - 2 potions of might
 k - a potion of invisibility {unknown}
 n - a potion of haste {unknown}
 r - 2 potions of attraction
 u - 2 potions of mutation
 v - a potion of magic {unknown}
 w - a potion of curing
 z - a potion of flight {unknown}
 A - a potion of lignification {unknown}


   Skills:
 - Level 3.1 Fighting
 + Level 6.8 Long Blades
 - Level 3.1 Armour
 - Level 3.1 Shields


You had 6 spell levels left.
You didn't know any spells.
Your spell library was empty.

Dungeon Overview and Level Annotations

Branches:
Dungeon (4/15)
 Temple: D:4-7

Altars:

Shops:
D:2 !*[

Annotations:
D:3 JanusIIV's ghost, amateur GrBe


Message History

You hit the gnoll. You freeze the gnoll.
The gnoll is moderately wounded.
You block the gnoll's attack.
You slash the gnoll! You freeze the gnoll.
You kill the gnoll!
Things that are here:
a +0 spear; a gnoll corpse You start waiting.
Done waiting.
You see here a +0 hand axe.
There is a stone staircase leading up here.
You climb upwards.
Level annotation: 2 runed translucent doors, JanusIIV's ghost, amateur GrBe
There is a stone staircase leading down here.
You see here 7 stones.
There is an open door here.
There is an open door here.
JanusIIV's ghost turns its malevolent gaze towards you.
You open the large door.
You hit JanusIIV's ghost but do no damage.
JanusIIV's ghost hits you but does no damage.
You hit JanusIIV's ghost. You freeze JanusIIV's ghost.
JanusIIV's ghost is lightly damaged.
JanusIIV's ghost completely misses you.
You hit JanusIIV's ghost but do no damage.
JanusIIV's ghost is lightly damaged.
JanusIIV's ghost barely misses you.
You hit JanusIIV's ghost but do no damage.
JanusIIV's ghost is lightly damaged.
JanusIIV's ghost hits you but does no damage.
You are electrocuted!!
You hit JanusIIV's ghost but do no damage.
JanusIIV's ghost is lightly damaged.
JanusIIV's ghost hits you.
You are electrocuted!!
* * * LOW HITPOINT WARNING * * *
You hit JanusIIV's ghost but do no damage.
JanusIIV's ghost is lightly damaged.
JanusIIV's ghost hits you but does no damage.
You are electrocuted!!
You die...

......####.....###.# #.....#
................##.# #.....# #
......####......##.# #.....# #
......# #......##.# #.#.######
......# #######...# #.#.......
......# ##..##########'########
......#####~#~.#...........# #
####.....##.≈⌠~#...........######
####.....#.(..~W@................
.........##..#.'...........##....
#####....#.~~..#...........##....
#....###≈..#...........##....
#....##.##.###..........'....
#####....### ## #.........##....
...........# #.........##....
#####......# #.........######
...........# #########.#


You could see JanusIIV's ghost.

Vanquished Creatures
  A scorpion (D:4)
  2 orc priests (D:4)
  2 orc wizards (D:4)
  9 gnolls
  3 adders
  A worm (D:2)
  2 dart slugs
  5 orcs
  4 ball pythons
  7 endoplasms
  9 giant cockroaches
  6 goblins
  7 hobgoblins
  4 jackals
  7 quokkas
  9 bats
  A frilled lizard (D:3)
  2 kobolds
  4 rats (D:1)
85 creatures vanquished.

Vanquished Creatures (others)
  A fungus (D:1)
  3 plants (D:1)
4 creatures vanquished.

Grand Total: 89 creatures vanquished

Notes
Turn   | Place    | Note
-------+----------+-------------------------------------------
     0 | D:1      | nachturnus the Human Fighter began the quest for the Orb.
     0 | D:1      | Reached XP level 1. HP: 18/18 MP: 1/1
   291 | D:1      | Reached XP level 2. HP: 19/24 MP: 2/2
   453 | D:1      | Found a faded altar of an unknown god.
   675 | D:1      | Reached XP level 3. HP: 28/29 MP: 3/3
   681 | D:1      | Reached skill level 3 in Long Blades
  1214 | D:2      | Found Tuapli Ogiesm's Armour Boutique.
  1336 | D:2      | Reached XP level 4. HP: 35/35 MP: 4/4
  1496 | D:2      | Found Kuwnux's Distillery.
  1499 | D:2      | Reached skill level 4 in Long Blades
  1894 | D:2      | Found Jodapn's General Store.
  2257 | D:2      | Reached XP level 5. HP: 34/41 MP: 5/5
  2396 | D:2      | Bought a scroll of brand weapon for 95 gold pieces
  3002 | D:3      | Found a large runed translucent door.
  3002 | D:3      | Found a large runed translucent door.
  3006 | D:3      | Noticed JanusIIV's ghost (amateur GrBe)
  3052 | D:3      | Found a glowing drain.
  4178 | D:4      | Reached skill level 5 in Long Blades
  4312 | D:4      | Reached XP level 6. HP: 35/47 MP: 6/6
  4420 | D:4      | Reached skill level 6 in Long Blades
  5044 | D:4      | Reached XP level 7. HP: 13/52 MP: 7/7
  5667 | D:3      | Mangled by JanusIIV's ghost

Illustrated notes

Levels and vault maps discovered:
D:1:      dpeg_arrival_arbitrary_a, layout_basic,
          shapermc_ecumenical_altar_mp_ritualfount, st_stairs_9
D:2:      layout_basic, serial_shops, nicolae_lakefront_shop,
          nicolae_square_shop, nicolae_shop_waterfront
D:3:      layout_basic, gup_sewer_entry_pipe, ebering_ghost_disaster_area
D:4:      layout_basic, hangedman_decor_opposing, hangedman_decor_peaks_small

Skill      XL: |  1  2  3  4  5  6 |
---------------+-------------------+-----
Long Blades    | 3 4 5 6 |  6.8
Fighting       | |  3.1
Armour         | |  3.1
Shields        | |  3.1

Action                   |  1- 3 |  4- 6 |  7- 9 || total
-------------------------+-------+-------+-------++-------
Melee: Long sword        |   104 |   171 |    15 ||   290
  Use: Scroll            |       |    11 |       ||    11
       Potion            |       |     4 |       ||     4
 Stab: Sleeping          |     1 |     1 |       ||     2
Armor: Scale mail        |    45 |       |       ||    45
       Leather armour    |    31 |    64 |     4 ||    99
Dodge: Dodged            |    59 |    82 |     2 ||   143
Block: Buckler           |    11 |    47 |     4 ||    62
